1974 views
Uploaded 2023-08-07 18:40:41
Game version 1.36 (6115)
35:03 long 2on2 ladder game on (4)Avalanche_LV
Saved by GIGA
1974 views
Uploaded 2023-08-07 18:40:41
Game version 1.36 (6115)
35:03 long 2on2 ladder game on (4)Avalanche_LV


96 units @ 9.9k
/ 1.6k
108 buildings @ 10.3k
/ 5.4k


| Scroll of Regeneration | 1 | 100 |
| Lesser Clarity Potion | 1 | 70 |
| Dust of Appearance | 1 | 75 |
| total: | 3 | 245g |
| Peasant | 17 | 1275 | / | 0 |
| Footman | 6 | 810 | / | 0 |
| Flying Machine | 41 | 4100 | / | 1230 |
| Mortar Team | 2 | 360 | / | 140 |
| total: | 66 | 6545g | / | 1370w |
| Scout Tower | 41 | 1230 | / | 820 |
| Arcane Tower | 2 | 140 | / | 100 |
| Guard Tower | 18 | 1260 | / | 900 |
| Altar of Kings | 1 | 180 | / | 50 |
| Barracks | 1 | 160 | / | 60 |
| Farm | 11 | 880 | / | 220 |
| Lumber Mill | 1 | 120 | / | 0 |
| Arcane Vault | 3 | 390 | / | 90 |
| Town Hall | 1 | 385 | / | 205 |
| Blacksmith | 2 | 280 | / | 120 |
| Cannon Tower | 1 | 120 | / | 100 |
| Workshop | 4 | 560 | / | 560 |
| Keep | 1 | 320 | / | 210 |
| Castle | 1 | 360 | / | 210 |
| total: | 65 | 4185g | / | 2125w |
| 0:02 | Peasant |
| 0:06 | Altar of Kings |
| 0:07 | Peasant |
| 0:20 | Barracks |
| 0:22 | Peasant |
| 0:33 | Farm |
| 0:34 | Peasant |
| 0:39 | Peasant |
| 0:52 | Farm |
| 1:01 | Peasant |
| 1:22 | Footman |
| 1:38 | Farm |
| 1:41 | Scout Tower |
| 1:45 | Footman |
| 1:53 | Scout Tower |
| 1:55 | Lumber Mill |
| 2:00 | Peasant |
| 2:10 | Storm Bolt |
| 2:40 | Peasant |
| 2:41 | Arcane Tower |
| 2:52 | Arcane Tower |
| 2:54 | Scout Tower |
| 2:59 | Footman |
| 3:03 | Peasant |
| 3:04 | Peasant |
| 3:23 | Arcane Vault |
| 3:25 | Footman |
| 3:27 | Scout Tower |
| 3:32 | Guard Tower |
| 3:54 | Dust of Appearance |
| 3:58 | Footman |
| 4:06 | Guard Tower |
| 4:07 | Scout Tower |
| 4:09 | Scout Tower |
| 5:03 | Guard Tower |
| 5:05 | Scout Tower |
| 5:26 | Scroll of Regeneration |
| 5:28 | Scout Tower |
| 5:36 | Guard Tower |
| 5:40 | Scout Tower |
| 5:40 | Scout Tower |
| 5:41 | Footman |
| 6:23 | Bash |
| 6:33 | Town Hall |
| 6:39 | Guard Tower |
| 6:41 | Scout Tower |
| 6:45 | Scout Tower |
| 6:47 | Scout Tower |
| 6:50 | Defend |
| 6:56 | Farm |
| 7:22 | Guard Tower |
| 7:24 | Guard Tower |
| 7:36 | Farm |
| 7:37 | Scout Tower |
| 8:03 | Guard Tower |
| 8:04 | Scout Tower |
| 8:05 | Scout Tower |
| 8:45 | Guard Tower |
| 8:55 | Guard Tower |
| 9:01 | Blacksmith |
| 9:03 | Blacksmith |
| 9:06 | Scout Tower |
| 9:06 | Scout Tower |
| 9:07 | Scout Tower |
| 9:08 | Scout Tower |
| 9:08 | Scout Tower |
| 9:13 | Peasant |
| 9:13 | Peasant |
| 9:32 | Keep |
| 9:45 | Peasant |
| 9:46 | Peasant |
| 9:46 | Peasant |
| 9:54 | Guard Tower |
| 10:07 | Improved Lumber Harvesting |
| 10:10 | Improved Masonry |
| 10:25 | Guard Tower |
| 10:29 | Scout Tower |
| 10:51 | Black Gunpowder |
| 10:55 | Peasant |
| 10:55 | Peasant |
| 11:19 | Guard Tower |
| 12:13 | Castle |
| 12:25 | Storm Bolt |
| 12:40 | Workshop |
| 12:42 | Workshop |
| 12:45 | Refined Gunpowder |
| 12:57 | Guard Tower |
| 13:04 | Advanced Masonry |
| 13:04 | Advanced Lumber Harvesting |
| 13:36 | Holy Light |
| 13:47 | Flare |
| 13:48 | Flak Cannons |
| 13:49 | Farm |
| 13:51 | Farm |
| 13:52 | Farm |
| 13:55 | Flying Machine |
| 13:55 | Flying Machine |
| 14:32 | Scout Tower |
| 14:33 | Scout Tower |
| 14:34 | Scout Tower |
| 14:37 | Fragmentation Shards |
| 14:38 | Flying Machine Bombs |
| 14:41 | Farm |
| 14:42 | Farm |
| 14:43 | Farm |
| 14:46 | Workshop |
| 14:53 | Workshop |
| 15:13 | Mortar Team |
| 16:21 | Imbued Gunpowder |
| 16:22 | Flying Machine |
| 16:23 | Flying Machine |
| 16:23 | Flying Machine |
| 16:23 | Flying Machine |
| 18:17 | Flying Machine |
| 18:17 | Flying Machine |
| 18:17 | Flying Machine |
| 18:18 | Flying Machine |
| 18:18 | Flying Machine |
| 18:18 | Flying Machine |
| 18:18 | Flying Machine |
| 18:39 | Iron Plating |
| 18:50 | Guard Tower |
| 18:53 | Scout Tower |
| 18:54 | Scout Tower |
| 18:55 | Scout Tower |
| 19:18 | Flying Machine |
| 19:19 | Flying Machine |
| 19:19 | Flying Machine |
| 20:38 | Flying Machine |
| 20:38 | Flying Machine |
| 20:39 | Flying Machine |
| 20:39 | Flying Machine |
| 20:39 | Flying Machine |
| 21:41 | Scout Tower |
| 21:42 | Scout Tower |
| 21:49 | Bash |
| 22:02 | Mortar Team |
| 22:30 | Storm Bolt |
| 22:36 | Divine Shield |
| 22:39 | Guard Tower |
| 22:50 | Cannon Tower |
| 22:51 | Guard Tower |
| 22:59 | Scout Tower |
| 23:00 | Scout Tower |
| 23:01 | Scout Tower |
| 23:02 | Scout Tower |
| 23:03 | Scout Tower |
| 23:03 | Scout Tower |
| 23:34 | Steel Plating |
| 23:48 | Studded Leather Armor |
| 24:24 | Scout Tower |
| 24:25 | Scout Tower |
| 24:26 | Scout Tower |
| 24:30 | Scout Tower |
| 24:45 | Guard Tower |
| 24:54 | Scout Tower |
| 25:11 | Flying Machine |
| 25:11 | Flying Machine |
| 25:11 | Flying Machine |
| 25:11 | Flying Machine |
| 25:11 | Flying Machine |
| 28:31 | Flying Machine |
| 28:31 | Flying Machine |
| 28:31 | Flying Machine |
| 29:10 | Flying Machine |
| 29:24 | Arcane Vault |
| 29:44 | Arcane Vault |
| 30:51 | Lesser Clarity Potion |
| 30:55 | Flying Machine |
| 30:55 | Flying Machine |
| 30:55 | Flying Machine |
| 30:55 | Flying Machine |
| 31:58 | Holy Light |
| 32:16 | Flying Machine |
| 32:16 | Flying Machine |
| 32:16 | Flying Machine |
| 32:16 | Flying Machine |
| 32:16 | Flying Machine |
| 32:16 | Flying Machine |
| 32:17 | Flying Machine |
| 33:44 | Avatar |
| Right click | 2075 |
| Select group | 744 |
| Select | 539 |
| Build/train/purchase | 135 |
| Misc. action | 89 |
| Use ability | 85 |
| Assign group | 26 |
| Minimap ping | 12 |
| Esc | 1 |
GIGA
(207)
(34:55) : 

| Healing Salve | 3 | 300 |
| Lesser Clarity Potion | 6 | 420 |
| Orb of Lightning | 1 | 375 |
| Potion of Mana | 3 | 600 |
| Boots of Speed | 1 | 250 |
| Staff of Teleportation | 1 | 150 |
| total: | 15 | 2095g |
| Peon | 18 | 1350 | / | 0 |
| Grunt | 3 | 600 | / | 0 |
| Demolisher | 2 | 440 | / | 100 |
| Troll Witch Doctor | 7 | 1015 | / | 175 |
| total: | 30 | 3405g | / | 275w |
| Watch Tower | 27 | 2970 | / | 2160 |
| Altar of Storms | 2 | 360 | / | 100 |
| Orc Burrow | 6 | 960 | / | 240 |
| Barracks | 1 | 180 | / | 50 |
| Voodoo Lounge | 1 | 130 | / | 30 |
| War Mill | 2 | 410 | / | 0 |
| Great Hall | 2 | 770 | / | 370 |
| Spirit Lodge | 1 | 150 | / | 150 |
| Beastiary | 1 | 145 | / | 140 |
| Stronghold | 1 | 315 | / | 190 |
| Fortress | 1 | 325 | / | 190 |
| total: | 43 | 6075g | / | 3240w |
| 0:03 | Peon |
| 0:03 | Peon |
| 0:10 | Altar of Storms |
| 0:13 | Orc Burrow |
| 0:19 | Peon |
| 0:42 | Peon |
| 0:51 | Barracks |
| 0:57 | Peon |
| 1:17 | Peon |
| 1:21 | Voodoo Lounge |
| 1:36 | War Mill |
| 1:38 | Peon |
| 1:47 | Peon |
| 1:56 | Peon |
| 2:09 | Wind Walk |
| 2:20 | Peon |
| 2:20 | Peon |
| 2:25 | Orc Burrow |
| 2:39 | Peon |
| 2:39 | Peon |
| 2:52 | Healing Salve |
| 2:52 | Lesser Clarity Potion |
| 3:03 | Watch Tower |
| 3:10 | Watch Tower |
| 3:53 | Grunt |
| 3:53 | Grunt |
| 4:53 | Watch Tower |
| 4:54 | Watch Tower |
| 5:39 | Watch Tower |
| 5:40 | Watch Tower |
| 5:42 | Stronghold |
| 5:45 | Watch Tower |
| 5:58 | Critical Strike |
| 7:03 | Wind Walk |
| 7:14 | Watch Tower |
| 7:18 | Healing Salve |
| 7:18 | Lesser Clarity Potion |
| 7:33 | Grunt |
| 7:37 | Watch Tower |
| 7:41 | Watch Tower |
| 7:49 | Great Hall |
| 7:52 | Watch Tower |
| 8:12 | Spirit Lodge |
| 8:14 | Fortress |
| 9:22 | Reinforced Defenses |
| 9:22 | Spiked Barricades |
| 9:34 | Demolisher |
| 9:34 | Demolisher |
| 9:38 | Orc Burrow |
| 9:40 | Watch Tower |
| 9:46 | Witch Doctor Adept Training |
| 9:47 | Troll Witch Doctor |
| 9:48 | Troll Witch Doctor |
| 10:22 | Boots of Speed |
| 10:25 | Staff of Teleportation |
| 10:43 | Peon |
| 10:43 | Peon |
| 10:47 | Watch Tower |
| 11:35 | Witch Doctor Master Training |
| 11:36 | Troll Witch Doctor |
| 11:49 | Peon |
| 11:49 | Peon |
| 11:58 | Peon |
| 12:03 | Watch Tower |
| 12:38 | Orb of Lightning |
| 12:39 | Healing Salve |
| 12:43 | Lesser Clarity Potion |
| 12:55 | Troll Witch Doctor |
| 12:55 | Troll Witch Doctor |
| 12:58 | Beastiary |
| 14:14 | Critical Strike |
| 14:29 | Hex |
| 14:49 | Watch Tower |
| 19:07 | Watch Tower |
| 19:08 | Watch Tower |
| 19:10 | Watch Tower |
| 19:12 | Watch Tower |
| 19:14 | Watch Tower |
| 19:24 | War Mill |
| 20:28 | Critical Strike |
| 21:23 | Altar of Storms |
| 21:46 | Watch Tower |
| 21:49 | Watch Tower |
| 21:50 | Watch Tower |
| 21:53 | Watch Tower |
| 22:59 | Great Hall |
| 23:03 | Watch Tower |
| 23:05 | Watch Tower |
| 23:07 | Watch Tower |
| 23:14 | Potion of Mana |
| 23:17 | Lesser Clarity Potion |
| 24:35 | Orc Burrow |
| 24:37 | Orc Burrow |
| 24:40 | Orc Burrow |
| 26:11 | Bladestorm |
| 26:33 | Potion of Mana |
| 26:36 | Lesser Clarity Potion |
| 29:01 | Potion of Mana |
| 29:03 | Lesser Clarity Potion |
| 29:21 | Troll Witch Doctor |
| 29:21 | Troll Witch Doctor |
| 32:54 | Wind Walk |
| 34:45 | Mirror Image |
| Right click | 2451 |
| Select | 494 |
| Build/train/purchase | 189 |
| Select group | 157 |
| Use ability | 31 |
| Resource trade | 24 |
| Misc. action | 23 |
| Assign group | 16 |
| Chat | 10 |
| Item give/drop | 7 |
| Minimap ping | 7 |
| Remove unit | 2 |
| Esc | 1 |
108 units @ 16.1k
/ 2.3k
59 buildings @ 6.9k
/ 3.2k


| Scroll of Healing | 1 | 250 |
| Potion of Lesser Invulnerability | 1 | 150 |
| Scroll of Protection | 1 | 150 |
| total: | 3 | 550g |
| Peasant | 20 | 1500 | / | 0 |
| Rifleman | 8 | 1640 | / | 240 |
| Dragonhawk Rider | 12 | 2400 | / | 360 |
| Gryphon Rider | 9 | 2520 | / | 630 |
| Flying Machine | 1 | 100 | / | 30 |
| total: | 50 | 8160g | / | 1260w |
| Scout Tower | 11 | 330 | / | 220 |
| Arcane Tower | 4 | 280 | / | 200 |
| Guard Tower | 3 | 210 | / | 150 |
| Altar of Kings | 1 | 180 | / | 50 |
| Blacksmith | 1 | 140 | / | 60 |
| Barracks | 1 | 160 | / | 60 |
| Farm | 14 | 1120 | / | 280 |
| Arcane Vault | 1 | 130 | / | 30 |
| Lumber Mill | 1 | 120 | / | 0 |
| Town Hall | 1 | 385 | / | 205 |
| Gryphon Aviary | 3 | 420 | / | 450 |
| Workshop | 1 | 140 | / | 140 |
| Keep | 1 | 320 | / | 210 |
| Castle | 1 | 360 | / | 210 |
| total: | 35 | 3125g | / | 1495w |
| 0:01 | Peasant |
| 0:02 | Peasant |
| 0:09 | Peasant |
| 0:36 | Peasant |
| 0:44 | Altar of Kings |
| 0:49 | Blacksmith |
| 0:52 | Peasant |
| 1:03 | Barracks |
| 1:06 | Farm |
| 1:10 | Peasant |
| 1:18 | Farm |
| 1:22 | Peasant |
| 1:23 | Peasant |
| 1:33 | Peasant |
| 1:39 | Peasant |
| 1:56 | Scout Tower |
| 2:04 | Rifleman |
| 2:16 | Farm |
| 2:20 | Rifleman |
| 2:31 | Arcane Tower |
| 2:40 | Rifleman |
| 3:05 | Black Gunpowder |
| 3:09 | Arcane Vault |
| 3:12 | Holy Light |
| 3:43 | Keep |
| 3:53 | Devotion Aura |
| 4:02 | Rifleman |
| 4:17 | Studded Leather Armor |
| 4:29 | Farm |
| 4:29 | Farm |
| 4:30 | Farm |
| 5:44 | Rifleman |
| 5:44 | Rifleman |
| 6:05 | Long Rifles |
| 6:22 | Holy Light |
| 6:26 | Reinforced Leather Armor |
| 6:46 | Lumber Mill |
| 7:28 | Castle |
| 7:33 | Farm |
| 7:33 | Farm |
| 7:33 | Farm |
| 8:42 | Siphon Mana |
| 8:59 | Gryphon Aviary |
| 8:59 | Gryphon Aviary |
| 9:22 | Gryphon Aviary |
| 9:26 | Refined Gunpowder |
| 9:47 | Potion of Lesser Invulnerability |
| 9:47 | Scroll of Healing |
| 9:52 | Scroll of Protection |
| 10:01 | Improved Lumber Harvesting |
| 10:01 | Improved Masonry |
| 10:07 | Farm |
| 10:08 | Farm |
| 10:08 | Farm |
| 10:46 | Peasant |
| 10:46 | Peasant |
| 10:46 | Peasant |
| 11:01 | Town Hall |
| 11:14 | Advanced Lumber Harvesting |
| 11:17 | Peasant |
| 11:17 | Peasant |
| 11:17 | Peasant |
| 11:18 | Peasant |
| 11:26 | Cloud |
| 11:59 | Scout Tower |
| 12:01 | Scout Tower |
| 12:06 | Scout Tower |
| 12:06 | Scout Tower |
| 12:19 | Iron Forged Swords |
| 12:25 | Dragonhawk Rider |
| 12:29 | Storm Hammers |
| 13:22 | Animal War Training |
| 13:27 | Gryphon Rider |
| 13:33 | Guard Tower |
| 13:39 | Guard Tower |
| 14:03 | Peasant |
| 14:04 | Peasant |
| 14:04 | Peasant |
| 14:30 | Scout Tower |
| 14:46 | Gryphon Rider |
| 14:59 | Arcane Tower |
| 15:15 | Gryphon Rider |
| 15:30 | Dragonhawk Rider |
| 15:38 | Dragonhide Armor |
| 15:53 | Steel Forged Swords |
| 16:08 | Scout Tower |
| 16:17 | Gryphon Rider |
| 16:43 | Arcane Tower |
| 16:50 | Advanced Masonry |
| 18:27 | Dragonhawk Rider |
| 18:28 | Gryphon Rider |
| 18:29 | Mithril Forged Swords |
| 18:41 | Devotion Aura |
| 18:57 | Scout Tower |
| 19:00 | Scout Tower |
| 19:01 | Scout Tower |
| 19:17 | Farm |
| 19:22 | Imbued Masonry |
| 19:34 | Siphon Mana |
| 19:35 | Banish |
| 20:35 | Rifleman |
| 20:35 | Rifleman |
| 20:36 | Dragonhawk Rider |
| 20:36 | Gryphon Rider |
| 21:23 | Guard Tower |
| 22:02 | Dragonhawk Rider |
| 22:11 | Imbued Gunpowder |
| 22:54 | Farm |
| 23:06 | Workshop |
| 23:17 | Devotion Aura |
| 23:56 | Scout Tower |
| 24:05 | Dragonhawk Rider |
| 24:05 | Gryphon Rider |
| 24:17 | Gryphon Rider |
| 24:17 | Gryphon Rider |
| 24:22 | Flying Machine |
| 24:24 | Flak Cannons |
| 24:33 | Arcane Tower |
| 26:11 | Dragonhawk Rider |
| 26:25 | Flame Strike |
| 28:36 | Dragonhawk Rider |
| 28:36 | Dragonhawk Rider |
| 30:34 | Dragonhawk Rider |
| 32:11 | Flame Strike |
| 33:00 | Dragonhawk Rider |
| 33:45 | Dragonhawk Rider |
| 34:49 | Divine Shield |
| Select group | 731 |
| Right click | 642 |
| Select | 270 |
| Build/train/purchase | 98 |
| Use ability | 52 |
| Assign group | 48 |
| Minimap ping | 22 |
| Chat | 15 |
| Item give/drop | 3 |
| Remove unit | 3 |
| Misc. action | 1 |



| Healing Salve | 4 | 400 |
| Lesser Clarity Potion | 5 | 350 |
| Scroll of Speed | 1 | 50 |
| Tiny Great Hall | 1 | 600 |
| Orb of Lightning | 2 | 750 |
| Potion of Mana | 1 | 200 |
| Scroll of Town Portal | 4 | 1400 |
| Scroll of Healing | 1 | 250 |
| Potion of Lesser Invulnerability | 1 | 150 |
| total: | 20 | 4150g |
| Peon | 27 | 2025 | / | 0 |
| Grunt | 5 | 1000 | / | 0 |
| Raider | 3 | 540 | / | 120 |
| Demolisher | 5 | 1100 | / | 250 |
| Kodo Beast | 1 | 255 | / | 60 |
| Spirit Walker | 2 | 390 | / | 70 |
| Wind Rider | 1 | 265 | / | 40 |
| Tauren | 1 | 280 | / | 80 |
| Troll Batrider | 9 | 1440 | / | 360 |
| Troll Headhunter | 2 | 280 | / | 40 |
| Troll Berserker | 1 | 140 | / | 20 |
| Ice Troll Berserker | 1 | 245 | / | 30 |
| total: | 58 | 7960g | / | 1070w |
| Watch Tower | 5 | 550 | / | 400 |
| Altar of Storms | 1 | 180 | / | 50 |
| Orc Burrow | 7 | 1120 | / | 280 |
| Barracks | 2 | 360 | / | 100 |
| Voodoo Lounge | 3 | 390 | / | 90 |
| War Mill | 1 | 205 | / | 0 |
| Great Hall | 1 | 385 | / | 185 |
| Beastiary | 3 | 435 | / | 420 |
| Tauren Totem | 1 | 135 | / | 155 |
| Stronghold | 1 | 315 | / | 190 |
| Fortress | 1 | 325 | / | 190 |
| total: | 24 | 3760g | / | 1680w |
| 0:04 | Peon |
| 0:10 | Altar of Storms |
| 0:14 | Peon |
| 0:21 | Orc Burrow |
| 0:28 | Peon |
| 0:36 | Barracks |
| 0:41 | Peon |
| 0:51 | Peon |
| 1:06 | Peon |
| 1:32 | Orc Burrow |
| 1:37 | Grunt |
| 1:45 | Peon |
| 2:07 | Voodoo Lounge |
| 2:11 | Wind Walk |
| 2:17 | Peon |
| 2:32 | Grunt |
| 2:59 | Stronghold |
| 3:26 | Grunt |
| 3:50 | Healing Salve |
| 3:51 | Grunt |
| 4:15 | Critical Strike |
| 4:47 | Grunt |
| 5:02 | Orc Burrow |
| 5:40 | Lesser Clarity Potion |
| 5:42 | Scroll of Town Portal |
| 5:54 | Beastiary |
| 5:55 | Tauren Totem |
| 5:58 | Peon |
| 5:58 | Peon |
| 6:06 | War Mill |
| 6:42 | Orc Burrow |
| 6:44 | Peon |
| 7:31 | Fortress |
| 8:15 | Ice Troll Berserker |
| 8:45 | Wind Walk |
| 8:56 | Raider |
| 8:57 | Ensnare |
| 9:01 | Orc Burrow |
| 9:02 | Healing Salve |
| 9:03 | Lesser Clarity Potion |
| 9:03 | Scroll of Speed |
| 9:38 | Healing Wave |
| 9:41 | Reinforced Defenses |
| 10:15 | Tiny Great Hall |
| 10:51 | Watch Tower |
| 10:53 | Watch Tower |
| 10:54 | Watch Tower |
| 10:59 | Peon |
| 10:59 | Peon |
| 11:01 | Raider |
| 11:04 | Hex |
| 11:13 | Peon |
| 11:19 | Orc Burrow |
| 11:22 | Watch Tower |
| 11:24 | Peon |
| 11:45 | Orb of Lightning |
| 11:51 | Beastiary |
| 12:05 | Potion of Lesser Invulnerability |
| 12:10 | Scroll of Healing |
| 12:40 | Steel Armor |
| 12:49 | Barracks |
| 12:55 | Peon |
| 12:55 | Peon |
| 12:57 | Peon |
| 12:57 | Peon |
| 13:00 | Voodoo Lounge |
| 13:18 | Demolisher |
| 13:21 | Kodo Beast |
| 13:50 | Spirit Walker |
| 13:53 | Orc Burrow |
| 13:55 | Spiked Barricades |
| 14:03 | Demolisher |
| 14:24 | Burning Oil |
| 14:28 | Demolisher |
| 14:49 | Watch Tower |
| 14:58 | Wind Rider |
| 15:00 | Spirit Walker |
| 16:15 | Scroll of Town Portal |
| 16:19 | Scroll of Town Portal |
| 16:34 | Tauren |
| 16:48 | Demolisher |
| 17:47 | Peon |
| 17:47 | Peon |
| 17:47 | Peon |
| 17:47 | Peon |
| 17:47 | Peon |
| 18:01 | Critical Strike |
| 18:10 | Healing Wave |
| 18:33 | Troll Batrider |
| 18:33 | Troll Batrider |
| 18:33 | Troll Batrider |
| 18:39 | Voodoo Lounge |
| 21:22 | Lesser Clarity Potion |
| 21:24 | Healing Salve |
| 21:30 | Scroll of Town Portal |
| 21:33 | Orb of Lightning |
| 21:34 | Peon |
| 21:34 | Peon |
| 21:34 | Peon |
| 21:39 | Troll Headhunter |
| 21:43 | Raider |
| 22:03 | Berserker Upgrade |
| 22:05 | Troll Headhunter |
| 22:09 | Lesser Clarity Potion |
| 22:13 | Potion of Mana |
| 22:22 | Troll Batrider |
| 22:22 | Troll Batrider |
| 22:49 | War Stomp |
| 22:59 | Troll Batrider |
| 23:23 | Beastiary |
| 23:30 | Thorium Armor |
| 23:50 | Troll Batrider |
| 24:34 | Liquid Fire |
| 24:35 | Troll Batrider |
| 25:49 | Hex |
| 26:53 | Demolisher |
| 26:55 | Troll Batrider |
| 28:25 | Critical Strike |
| 29:12 | Troll Berserker |
| 29:33 | Great Hall |
| 33:03 | Healing Salve |
| 34:06 | Lesser Clarity Potion |
| Right click | 2579 |
| Select group | 820 |
| Select | 496 |
| Build/train/purchase | 149 |
| Use ability | 128 |
| Assign group | 73 |
| Misc. action | 61 |
| Item give/drop | 10 |
| Minimap ping | 9 |
| Esc | 1 |